AoeStats
← 464408627

Four Lakes

509563874Analyzed
1v1 RM · 5d ago on Sep 27, 2026· 47m 24s· 2 players
Game mode
Random Map
Map size
Tiny (2 player)
Population
200
Speed
Normal
Resources
Standard
Victory
Conquest
Starting age
Dark Age
Ending age
Imperial Age
RankedLock teamsTeams togetherTeam positionsShared explorationLock speedFull tech treeHidden civsTurbo modeCheats
Victory
Defeat
🇨🇳 Spanish · China
625
+17
🇨🇳 Chinese · China
645
-17
464408627
7:37 Loom
14:31 Feudal Age
15:03 Horse Collar
15:12 Double-Bit Axe
15:20 Gold Mining
15:21 Stone Mining
15:15 Fishing Lines
22:15 Castle Age
23:34 Heavy Plow
23:48 Bow Saw
24:17 Stone Shaft Mining
23:34 Gillnets
24:54 Forging
24:50 Scale Barding Armor
24:46 Padded Archer Armor
24:37 Fletching
25:31 Bloodlines
25:24 Husbandry
26:08 Wheelbarrow
29:48 Hand Cart
29:19 Town Watch
30:42 Chain Barding Armor
30:58 Iron Casting
33:06 Town Patrol
36:49 Imperial Age
36:56 Cavalier
37:55 Capped Ram
39:40 Siege Ram
41:44 Conscription
41:29 Inquisition
42:39 Hoardings
43:29 Paladin
黑哨哥
0:40 Loom
9:55 Feudal Age
11:24 Wheelbarrow
10:44 Double-Bit Axe
10:24 Man-at-Arms
12:34 Town Watch
16:35 Horse Collar
23:49 Castle Age
21:59 Gold Mining
22:02 Stone Mining
22:50 Bloodlines
22:29 Arson
23:13 Forging
22:54 Fletching
23:24 Scale Mail Armor
23:34 Padded Archer Armor
23:54 Scale Barding Armor
24:55 Bow Saw
24:56 Light Cavalry
25:37 Husbandry
27:20 Pikeman
28:00 Squires
29:54 Hand Cart
31:43 Town Patrol
31:51 Heavy Plow
33:49 Chain Barding Armor
33:24 Bodkin Arrow
33:44 Leather Archer Armor
32:58 Long Swordsman
35:23 Gold Shaft Mining
35:23 Stone Shaft Mining
38:21 Murder Holes
38:37 Masonry
38:47 Ballistics
44:48 Iron Casting
44:28 Chain Mail Armor
47:03 Imperial Age
45:38 Devotion
45:33 Herbal Medicine
45:49 Fervor
45:39 Atonement
46:00 Sanctity
45:30 Crossbowman
46:15 Thumb Ring
Connection lost

Rejoining the realm…

Still unreachable

The connection could not be restored.

Session expired

The server has moved on; the page needs a fresh start.